[Event "Titled Tuesday Blitz November 30 2021"]
[White "Rustemov, Alexander"]
[Black "Manukyan, Artyom"]
[WhiteFideId "4119002"]
[BlackFideId "13305786"]
[WhiteElo "2785"]
[BlackElo "2034"]
[Result "1-0"]
[Round "03"]
[TimeControl "180+1"]
[Date "2021.11.30"]
[WhiteClock "0:00:50"]
[BlackClock "0:00:02"]

1. d4 d5 2. c4 e6 3. Nc3 Nf6 4. cxd5 exd5 5. Bg5 c6 6. e3 Qb6 7. Qc1 Ne4 8. Bf4 Bb4 9. Ne2 O-O 10. a3 Nxc3 11. Nxc3 Bxc3+ 12. Qxc3 Bf5 13. Be2 Nd7 14. O-O Nf6 15. f3 Rfe8 16. Rfe1 h6 17. Bg3 a5 18. Bf1 Re6 19. Re2 a4 20. Rae1 Rae8 21. h3 Nd7 22. Bf2 Qc7 23. Qb4 Nb6 24. Qa5 Bd3 25. Rd2 Bxf1 26. Rxf1 Ra8 27. Qc3 Nc4 28. Re2 Rae8 29. e4 b5 30. Rfe1 Qf4 31. g3 Qc7 32. e5 g5 33. f4 gxf4 34. gxf4 Rg6+ 35. Kh2 Qd7 36. Qd3 Kh8 37. Bh4 Reg8 38. f5 Rg5 39. Bxg5 Rxg5 40. Rf2 Qc7 41. Kh1 Qa5 42. Ree2 Qc7 43. Rg2 Qe7 44. Qf3 Rxg2 45. Rxg2 Qh4 46. Qg4 Qe1+ 47. Kh2 1-0


[Site "https://www.chess.com"]

[Event "Titled Tuesday Blitz November 30 2021"]
[White "Sanal, Vahap"]
[Black "Mitrabha, Guha"]
[WhiteFideId "6300545"]
[BlackFideId "5057000"]
[WhiteElo "2499"]
[BlackElo "2334"]
[Result "0-1"]
[Round "03"]
[TimeControl "180+1"]
[Date "2021.11.30"]
[WhiteClock "0:01:03"]
[BlackClock "0:01:57"]

1. e4 c6 2. d3 d5 3. Nf3 dxe4 4. dxe4 Qxd1+ 5. Kxd1 Nf6 6. Nbd2 Bg4 7. Be2 Nbd7 8. Ne1 Bxe2+ 9. Kxe2 g6 10. Nd3 Bg7 11. f3 O-O-O 12. a4 Ne8 13. Nb3 Nc7 14. Be3 Kb8 15. Rhd1 Ne6 16. c3 Nb6 17. Nbc5 Nxc5 18. Nxc5 Nc4 19. Bf4+ Kc8 20. b3 Na5 21. b4 Nc4 22. Rac1 Rxd1 23. Kxd1 Rd8+ 24. Kc2 e5 25. Bg5 f6 26. Kb3 b5 27. axb5 cxb5 28. Ne6 Rd6 29. Nxg7 fxg5 30. Ra1 Rd2 31. Rb1 Kd7 0-1


[Site "https://www.chess.com"]

[Event "Titled Tuesday Blitz November 30 2021"]
[White "Shahade, Gregory"]
[Black "Nagy, Gabor"]
[WhiteFideId "2009064"]
[BlackFideId "737119"]
[WhiteElo "2635"]
[BlackElo "2534"]
[Result "0-1"]
[Round "03"]
[TimeControl "180+1"]
[Date "2021.11.30"]
[WhiteClock "0:00:11"]
[BlackClock "0:01:30"]

1. e4 c5 2. Nf3 e6 3. d4 cxd4 4. Nxd4 a6 5. Nc3 b5 6. Bd3 Ne7 7. O-O Nec6 8. Nxc6 Nxc6 9. f4 Bc5+ 10. Kh1 O-O 11. e5 d5 12. exd6 f5 13. Qe2 Nd4 14. Qe5 Qxd6 15. Qxd6 Bxd6 16. Be3 Nc6 17. Rad1 Bc7 18. Be2 Bb7 19. Rd7 Rf7 20. Rfd1 Rd8 21. Rxd8+ Nxd8 22. a4 b4 23. Na2 a5 24. Nc1 Bc6 25. Bb5 Bd5 26. Nb3 Nb7 27. Rxd5 exd5 28. Bc6 Re7 29. Bxd5+ Kh8 30. Bd2 Bxf4 31. Bxb7 Bxd2 32. Kg1 Be3+ 0-1


[Site "https://www.chess.com"]

[Event "Titled Tuesday Blitz November 30 2021"]
[White "Siva Mahadevan"]
[Black "Kucuksari, Kaan"]
[WhiteFideId "25043153"]
[BlackFideId "6380166"]
[WhiteElo "2203"]
[BlackElo "2301"]
[Result "1-0"]
[Round "03"]
[TimeControl "180+1"]
[Date "2021.11.30"]
[WhiteClock "0:02:23"]
[BlackClock "0:01:26"]

1. e4 c6 2. d4 d5 3. e5 c5 4. Nf3 cxd4 5. Nxd4 Nc6 6. c4 e6 7. Nc3 Bc5 8. Nxc6 bxc6 9. Qg4 Ne7 10. Qxg7 Ng6 11. cxd5 exd5 12. Bd3 Bf8 13. Qf6 Be7 14. Qxc6+ Bd7 15. Qxd5 Nf4 16. Bxf4 1-0


[Site "https://www.chess.com"]

[Event "Titled Tuesday Blitz November 30 2021"]
[White "Stribuk, Artiom"]
[Black "Narayanan.S.L"]
[WhiteFideId "13515659"]
[BlackFideId "5058422"]
[WhiteElo "2224"]
[BlackElo "2570"]
[Result "1-0"]
[Round "03"]
[TimeControl "180+1"]
[Date "2021.11.30"]
[WhiteClock "0:00:06"]
[BlackClock "0:00:07"]

1. d4 c5 2. d5 e5 3. e4 d6 4. Bb5+ Nd7 5. a4 g6 6. Nf3 Bg7 7. Nbd2 Nf6 8. Qe2 O-O 9. c3 Nh5 10. g3 f5 11. Nc4 fxe4 12. Ng5 Ndf6 13. a5 h6 14. Nxe4 Nxe4 15. Qxe4 Bf5 16. Qe2 Nf6 17. Ne3 Bh3 18. f3 a6 19. Bd3 e4 20. fxe4 Qe7 21. Ra4 Rae8 22. Bd2 Nd7 23. Nc4 Nf6 24. Ne3 h5 25. Kd1 Nd7 26. Kc1 Ne5 27. Bc2 Qd7 28. b3 c4 29. Nxc4 Nxc4 30. Rxc4 Qb5 31. Kb2 Qxa5 32. Ra1 Qb6 33. Bf4 Rc8 34. Raa4 Rxc4 35. Rxc4 Qd8 36. Qd2 b5 37. Rc6 b4 38. e5 dxe5 39. Be3 e4 40. Bd4 bxc3+ 41. Qxc3 Bxd4 42. Qxd4 Bf5 43. Bxe4 Kh7 44. Bxf5 Rxf5 45. d6 Rf7 46. Rc2 Rd7 47. Rd2 a5 48. h4 Qb8 49. Qc5 Rb7 50. Qc4 a4 51. Rd3 a3+ 52. Ka2 Qh8 53. Rd2 Rd7 54. Qd4 Qe8 55. Qd3 Qe5 56. Qd5 Qc3 57. Qd3 Qe5 58. Qd5 Qxg3 59. Qe6 Qg4 60. Qxg4 hxg4 61. Kxa3 Kh6 62. b4 Kh5 63. b5 Kxh4 64. Kb4 g3 65. Kc5 Kh3 66. b6 g5 67. Kc6 Rf7 68. d7 Rf6+ 69. Kc7 g2 70. Rxg2 Kxg2 71. d8=Q Rf5 72. b7 g4 73. b8=Q g3 74. Qb7+ Kg1 75. Qd1+ Kh2 76. Qbh1# 1-0


[Site "https://www.chess.com"]

[Event "Titled Tuesday Blitz November 30 2021"]
[White "Sviridov, Valery"]
[Black "Kravtsiv, Martyn"]
[WhiteFideId "4120680"]
[BlackFideId "14113147"]
[WhiteElo "2454"]
[BlackElo "2660"]
[Result "1-0"]
[Round "03"]
[TimeControl "180+1"]
[Date "2021.11.30"]
[WhiteClock "0:00:56"]
[BlackClock "0:00:04"]

1. Nf3 Nf6 2. g3 d5 3. Bg2 e6 4. O-O Be7 5. d3 O-O 6. Nbd2 Nc6 7. e4 dxe4 8. dxe4 e5 9. h3 Be6 10. Qe2 Nd7 11. Nc4 f6 12. Rd1 Qe8 13. Ne3 Nc5 14. Nd5 Bd6 15. c3 Qh5 16. Kh2 Rad8 17. b4 Na4 18. Qc2 Nb6 19. Nh4 Ne7 20. Bf3 Qe8 21. Nxb6 axb6 22. Be3 Qf7 23. Nf5 b5 24. Rd2 Nc8 25. Rad1 Bc4 26. Bc5 Qe6 27. Ne3 b6 28. Bg4 Qf7 29. Nxc4 Qxc4 30. Be3 Ne7 31. Be2 Qc6 32. c4 bxc4 33. Qxc4+ Kh8 34. b5 Qxc4 35. Bxc4 Rb8 36. a4 h6 37. Kg2 Rfd8 38. h4 g5 39. h5 Kg7 40. Kf3 Kf8 41. Kg4 Ke8 42. Bb3 Bb4 43. Rxd8+ Rxd8 44. Bf7+ Kxf7 45. Rxd8 Ke6 46. Rh8 Kf7 47. Rh7+ Kg8 48. Rxh6 Kg7 49. Rxf6 Kxf6 50. Bxg5+ Kg7 51. Bxe7 Bxe7 52. Kf5 Bc5 53. Kxe5 Bxf2 54. g4 Kh6 55. Kf5 Bh4 56. e5 Bg5 57. Ke6 Bf4 58. Kf6 Bg5+ 59. Kf7 1-0


[Site "https://www.chess.com"]

[Event "Titled Tuesday Blitz November 30 2021"]
[White "Sychev, Klementy"]
[Black "Halkias, Stelios"]
[WhiteFideId "4114060"]
[BlackFideId "4201809"]
[WhiteElo "2615"]
[BlackElo "2575"]
[Result "1/2-1/2"]
[Round "03"]
[TimeControl "180+1"]
[Date "2021.11.30"]
[WhiteClock "0:00:04"]
[BlackClock "0:00:07"]

1. e4 e5 2. Nf3 Nc6 3. Nc3 Nf6 4. d4 exd4 5. Nd5 Be7 6. Bd3 O-O 7. O-O d6 8. Nxe7+ Qxe7 9. Bg5 h6 10. Bh4 Bg4 11. h3 Bxf3 12. Qxf3 Ne5 13. Qd1 Ng6 14. Bg3 Rfe8 15. Re1 c5 16. c3 dxc3 17. bxc3 Red8 18. Bc4 Ne5 19. Bf1 Nc6 20. Qc2 Re8 21. Rad1 Rad8 22. Bh4 Qe6 23. Re3 g5 24. Bg3 Nh5 25. Bh2 Ne5 26. Bb5 Rf8 27. Ba4 a6 28. Qb1 b5 29. Bb3 c4 30. Bc2 Nf4 31. Rd4 Kh8 32. Qd1 Rg8 33. Bg3 Rg7 34. Qd2 h5 35. a4 Rg6 36. Kf1 Rf6 37. h4 gxh4 38. Bxh4 Rg6 39. Bxd8 Nxg2 40. Rg3 Nh4 41. Qe2 Rxg3 42. Qxh5+ Kg8 43. Qxh4 Rg1+ 44. Ke2 Re1+ 45. Kxe1 Nf3+ 46. Kd1 Nxh4 47. Kc1 Nf3 48. Rd5 Qh6+ 49. Kb2 Qh2 50. axb5 axb5 51. Bb6 Ne5 52. Rxb5 Qf4 53. Rd5 Qf3 54. Be3 Qe2 55. Rd2 Qe1 56. Rxd6 Qe2 57. Rd8+ Kh7 58. Rd2 Qf3 59. Rd5 f6 60. Rd2 Kg8 61. Rd8+ Kf7 62. Rd2 Ke7 63. Rd4 Qe2 64. Rd2 Qf3 65. Bc5+ Kf7 66. Be3 Ke7 1/2-1/2


[Site "https://www.chess.com"]

[Event "Titled Tuesday Blitz November 30 2021"]
[White "Sydoryka, Vladyslav"]
[Black "Bazeev, German"]
[WhiteFideId "14145928"]
[BlackFideId "24119350"]
[WhiteElo "2264"]
[BlackElo "2462"]
[Result "0-1"]
[Round "03"]
[TimeControl "180+1"]
[Date "2021.11.30"]
[WhiteClock "0:00:04"]
[BlackClock "0:00:10"]

1. c4 e5 2. g3 Nf6 3. Bg2 Nc6 4. Nc3 Bb4 5. Nd5 Bc5 6. e3 d6 7. Ne2 O-O 8. h3 Bb6 9. O-O h6 10. b3 Bf5 11. d3 Bh7 12. Bb2 Nxd5 13. cxd5 Nb4 14. Nc1 f5 15. a3 Na6 16. Ne2 Qd7 17. Qd2 Rae8 18. Kh2 Nc5 19. Nc1 f4 20. b4 Na4 21. exf4 exf4 22. Bf3 fxg3+ 23. fxg3 Nxb2 24. Qxb2 Bf5 25. Qg2 Re3 26. Be4 Bxe4 27. Rxf8+ Kxf8 28. dxe4 Qe7 29. Ne2 Qxe4 30. Nf4 Qxg2+ 31. Kxg2 Kg8 32. h4 Bd4 33. Rc1 Rc3 34. Rxc3 Bxc3 35. Ne6 c6 36. Nd8 cxd5 37. Nxb7 Be5 38. Kf3 Kf7 39. Nd8+ Ke8 40. Nc6 Bb2 41. a4 Ba3 42. b5 Bc5 43. h5 Kf7 44. Ke2 g6 45. Kf3 gxh5 46. Kf4 Ke6 47. Nd8+ Kd7 48. Nc6 a6 49. Kf5 axb5 50. axb5 Kc7 51. Kg6 Bf2 52. Kxh5 Bxg3 53. Kxh6 Kb6 54. Kg5 Kxb5 55. Kg4 Kxc6 0-1


[Site "https://www.chess.com"]

[Event "Titled Tuesday Blitz November 30 2021"]
[White "Szpar, Milosz"]
[Black "Manafov, Vugar"]
[WhiteFideId "1184989"]
[BlackFideId "13410814"]
[WhiteElo "2285"]
[BlackElo "2277"]
[Result "0-1"]
[Round "03"]
[TimeControl "180+1"]
[Date "2021.11.30"]
[WhiteClock "0:00:02"]
[BlackClock "0:01:39"]

1. e4 Nf6 2. e5 Nd5 3. d4 d6 4. c4 Nb6 5. f4 dxe5 6. fxe5 Bf5 7. Be3 e6 8. Nc3 Be7 9. Be2 O-O 10. Nf3 f6 11. O-O Nc6 12. exf6 Bxf6 13. Qd2 Qe8 14. Rad1 Rd8 15. Kh1 Kh8 16. b3 Qe7 17. Qb2 Rd7 18. Rd2 Rfd8 19. Rfd1 Qe8 20. Qa3 a6 21. Qc1 Qg6 22. Bf2 Qh6 23. Kg1 g5 24. h3 g4 25. hxg4 Bxg4 26. Ne4 Bg7 27. Neg5 Rf8 28. d5 exd5 29. cxd5 Ne7 30. Be3 Qh5 31. d6 cxd6 32. Bxb6 Ng6 33. Rxd6 Rxd6 34. Rxd6 Nf4 35. Bf1 h6 36. Ne4 Bxf3 37. gxf3 Rg8 38. Ng3 Qxf3 0-1


[Site "https://www.chess.com"]

[Event "Titled Tuesday Blitz November 30 2021"]
[White "Vaishali, Rameshbabu"]
[Black "Indjic, Aleksandar"]
[WhiteFideId "5091756"]
[BlackFideId "911925"]
[WhiteElo "2313"]
[BlackElo "2643"]
[Result "0-1"]
[Round "03"]
[TimeControl "180+1"]
[Date "2021.11.30"]
[WhiteClock "0:01:33"]
[BlackClock "0:02:02"]

1. d4 c6 2. c4 d5 3. cxd5 cxd5 4. Nc3 Nc6 5. Bf4 e6 6. e3 Bd6 7. Bg3 Nf6 8. Bd3 O-O 9. Nf3 a6 10. Rc1 h6 11. O-O Bxg3 12. hxg3 Qd6 13. Na4 Rb8 14. Bb1 Bd7 15. Nc5 Rfc8 16. a3 Be8 17. Qd3 Ne7 18. g4 Bb5 19. Qd2 Bxf1 20. Rxf1 Nxg4 21. Qd3 Nf6 22. Ne5 Rxc5 0-1


[Site "https://www.chess.com"]

[Event "Titled Tuesday Blitz November 30 2021"]
[White "Zhigalko, Sergei"]
[Black "Tanenbaum, Zachary"]
[WhiteFideId "13502956"]
[BlackFideId "2060850"]
[WhiteElo "2662"]
[BlackElo "2168"]
[Result "1-0"]
[Round "03"]
[TimeControl "180+1"]
[Date "2021.11.30"]
[WhiteClock "0:00:06"]
[BlackClock "0:00:02"]

1. e4 e5 2. Nf3 Nc6 3. Bc4 Nf6 4. d3 Be7 5. O-O O-O 6. Nbd2 d6 7. c3 Be6 8. Bb5 a6 9. Bxc6 bxc6 10. h3 c5 11. Re1 Re8 12. d4 cxd4 13. cxd4 exd4 14. Nxd4 Qd7 15. b3 c5 16. Nxe6 Qxe6 17. Bb2 Rad8 18. Qf3 Nd7 19. Nc4 Bf6 20. Bxf6 Qxf6 21. Qxf6 Nxf6 22. f3 Re6 23. Rad1 d5 24. exd5 Rxd5 25. Kf2 Rxe1 26. Rxe1 Kf8 27. g4 Ne8 28. Re4 Nd6 29. Nxd6 Rxd6 30. Ke3 Rh6 31. Ra4 Rxh3 32. Rxa6 h5 33. gxh5 Rxh5 34. a4 Rh4 35. Rb6 Ke7 36. a5 Kd7 37. a6 Rh1 38. Rb7+ Ke6 39. a7 Ra1 40. Kd3 g5 41. Kc4 Ra5 42. Rb6+ Ke5 43. Rb7 f5 44. Rg7 g4 45. fxg4 fxg4 46. Rxg4 Rxa7 47. Kxc5 Rc7+ 48. Kb6 Rc3 49. b4 Kd6 50. Rd4+ Ke7 51. Rd1 Rc8 52. b5 Rb8+ 53. Kc6 Ra8 54. b6 Ra2 55. Kc7 Rc2+ 56. Kb8 Rb2 57. b7 Ra2 58. Rd4 Ke6 59. Kc7 Rc2+ 60. Kb6 Ke5 61. Rd8 Rb2+ 62. Kc6 Rc2+ 63. Kd7 Rd2+ 64. Ke7 Rxd8 65. Kxd8 1-0


[Site "https://www.chess.com"]

[Event "Titled Tuesday Blitz November 30 2021"]
[White "Abdrlauf, Elham"]
[Black "Matinian, Nikita"]
[WhiteFideId "1533533"]
[BlackFideId "24129100"]
[WhiteElo "2362"]
[BlackElo "2422"]
[Result "1-0"]
[Round "04"]
[TimeControl "180+1"]
[Date "2021.11.30"]
[WhiteClock "0:00:04"]
[BlackClock "0:00:03"]

1. e4 e5 2. Nf3 Nc6 3. Nc3 Nf6 4. Be2 Bb4 5. Nd5 Bc5 6. c3 Nxd5 7. exd5 Ne7 8. Nxe5 Nxd5 9. d4 Be7 10. Bc4 c6 11. Bxd5 cxd5 12. Qf3 O-O 13. Qxd5 d6 14. Nf3 Be6 15. Qh5 Bc4 16. b3 Bd3 17. Bg5 Rc8 18. Kd2 Bg6 19. Qh4 Qa5 20. Rhc1 Bxg5+ 21. Qxg5 Qa3 22. Ke2 Qb2+ 23. Qd2 Rfe8+ 24. Kf1 Qxd2 25. Nxd2 Bd3+ 26. Kg1 Re2 27. Nf1 g6 28. Ne3 Kg7 29. c4 a5 30. Nd5 Rb2 31. Nc3 Re8 32. Rd1 Bf5 33. h3 h5 34. Re1 Rxe1+ 35. Rxe1 Rc2 36. Re3 h4 37. Nb5 d5 38. cxd5 Rxa2 39. Nd6 Rd2 40. Nxb7 Rxd4 41. Nxa5 Rxd5 42. Nc4 Rd4 43. Re7 Be6 44. Rc7 Rd3 45. Ne5 Rxb3 46. Nf3 Bxh3 47. Nxh4 Be6 48. Nf3 Kf6 49. Nd4 Rb1+ 50. Kh2 Rb2 51. Kg3 Rd2 52. Nf3 Ra2 53. Rc3 Ra5 54. Nd4 Bd5 55. f3 g5 56. Nc2 Be6 57. Nd4 Rd5 58. Ne2 Rd2 59. Re3 Rb2 60. Nc3 Rc2 61. Ne4+ Kg6 62. Nf2 Ra2 63. Nd3 Ra3 64. Ne5+ 1-0


[Site "https://www.chess.com"]

[Event "Titled Tuesday Blitz November 30 2021"]
[White "Bacrot, Etienne"]
[Black "Atakishiyev, Elmar"]
[WhiteFideId "605506"]
[BlackFideId "13410547"]
[WhiteElo "2673"]
[BlackElo "2088"]
[Result "0-1"]
[Round "04"]
[TimeControl "180+1"]
[Date "2021.11.30"]
[WhiteClock "0:00:04"]
[BlackClock "0:00:05"]

1. e4 e6 2. d4 d5 3. exd5 Qxd5 4. Nf3 Nf6 5. Bd3 c5 6. Nc3 Qd8 7. Bf4 Nc6 8. dxc5 Bxc5 9. O-O O-O 10. Ne5 Qd4 11. Ne2 Qxb2 12. Nxc6 bxc6 13. Rb1 Qxa2 14. Be5 Ng4 15. Nc3 Qa5 16. Qxg4 Bxf2+ 17. Rxf2 Qxe5 18. Qe4 Qxe4 19. Bxe4 Ba6 20. Ra1 Bc4 21. Bxc6 Rac8 22. Bf3 Rc7 23. Ne4 Bd5 24. Nd6 Bxf3 25. gxf3 h6 26. Nb5 Rc5 27. Nxa7 Ra8 28. Ra3 g5 29. Kg2 Kg7 30. Nb5 Rac8 31. Nd4 Rc4 32. Rd3 Kg6 33. Rdd2 R8c5 34. Nb3 Rf5 35. Rd4 Rc3 36. Rd3 Rc4 37. c3 h5 38. Nd2 Rc6 39. c4 f6 40. Rc3 Rfc5 41. Re2 e5 42. Ree3 Ra5 43. Kf2 Kf5 44. Ne4 Ra2+ 45. Re2 Ra4 46. c5 g4 47. Ng3+ Kg5 48. Ne4+ Kf5 49. Nd6+ Ke6 50. Nb7 Kd5 51. Rd2+ Rd4 52. Rxd4+ exd4 53. Rc1 Rc7 54. Na5 Rxc5 55. Rxc5+ Kxc5 56. f4 f5 57. Ke2 Kd5 58. Kd3 h4 59. Nb3 g3 60. hxg3 h3 61. Nd2 h2 62. Ne4 h1=Q 0-1


[Site "https://www.chess.com"]

[Event "Titled Tuesday Blitz November 30 2021"]
[White "Bazeev, German"]
[Black "Petrovskyi, Vadym"]
[WhiteFideId "24119350"]
[BlackFideId "14165210"]
[WhiteElo "2462"]
[BlackElo "2377"]
[Result "0-1"]
[Round "04"]
[TimeControl "180+1"]
[Date "2021.11.30"]
[WhiteClock "0:00:17"]
[BlackClock "0:00:39"]

1. d4 Nf6 2. Nf3 g6 3. c4 Bg7 4. Nc3 O-O 5. Bg5 d6 6. e3 Nbd7 7. Be2 c6 8. O-O a5 9. Rc1 Qe8 10. Qc2 e5 11. Rfd1 h6 12. Bh4 g5 13. Bg3 Nh5 14. dxe5 Nxg3 15. hxg3 dxe5 16. Bd3 Nc5 17. Bf5 e4 18. Bxc8 Rxc8 19. Ne1 f5 20. Na4 Qe5 21. Nxc5 Qxc5 22. Rd7 Rf7 23. Rxf7 Kxf7 24. Rd1 Rc7 25. g4 Ke7 26. Qd2 Kf7 27. gxf5 Qxf5 28. b3 Re7 29. Nc2 Qg4 30. Nd4 Rd7 31. c5 h5 32. Rf1 h4 33. f3 exf3 34. Rxf3+ Kg8 35. Qd3 Bxd4 36. exd4 Qxd4+ 37. Qxd4 Rxd4 38. Rf5 Rd5 0-1


[Site "https://www.chess.com"]

[Event "Titled Tuesday Blitz November 30 2021"]
[White "Costachi, Mihnea"]
[Black "Sviridov, Valery"]
[WhiteFideId "1217518"]
[BlackFideId "4120680"]
[WhiteElo "2482"]
[BlackElo "2454"]
[Result "1/2-1/2"]
[Round "04"]
[TimeControl "180+1"]
[Date "2021.11.30"]
[WhiteClock "0:00:08"]
[BlackClock "0:00:53"]

1. d4 g6 2. c4 Bg7 3. e4 d6 4. Nc3 e5 5. Be3 exd4 6. Bxd4 Nf6 7. Nf3 O-O 8. h3 Re8 9. Nd2 Nc6 10. Be3 Nd7 11. Be2 Nc5 12. O-O a5 13. f3 a4 14. Rc1 f5 15. b3 axb3 16. Nxb3 fxe4 17. Bxc5 dxc5 18. Qxd8 Rxd8 19. fxe4 Bxc3 20. Rxc3 Rxa2 21. Bg4 Bxg4 22. hxg4 b6 23. Rcf3 Ne5 24. Rf6 Nxg4 25. Re6 Ne3 26. Re1 Nxg2 27. Rf1 Ne3 28. Re1 Nxc4 29. e5 Nd2 30. Nxd2 Rdxd2 31. Re7 Rg2+ 32. Kh1 Rge2 33. Rd1 Rad2 34. Ra1 Ra2 35. Rd1 Rh2+ 36. Kg1 Rag2+ 37. Kf1 Rh1+ 38. Kxg2 Rxd1 39. Rxc7 Re1 40. Re7 Kf8 41. Re6 Kf7 42. Rf6+ Kg7 43. Rxb6 Rxe5 44. Rc6 h5 45. Kf3 Kh6 46. Kf4 Rd5 47. Kg3 Rd3+ 48. Kh4 Rc3 49. Rxg6+ Kh7 50. Rc6 Kg7 51. Kxh5 Kf7 52. Kg4 Ke7 53. Kf4 Kd7 54. Rh6 Rd3 55. Ke4 Rd4+ 56. Ke3 Kc7 57. Rg6 Rd8 58. Rh6 Rd7 59. Rg6 Rd5 60. Rh6 c4 61. Rh4 Rc5 62. Kd4 Ra5 63. Kc3 Ra3+ 64. Kb4 Ra6 65. Rxc4+ Kb7 66. Rc5 Rb6+ 67. Rb5 Rxb5+ 68. Kxb5 1/2-1/2


[Site "https://www.chess.com"]

[Event "Titled Tuesday Blitz November 30 2021"]
[White "Csonka, Balazs"]
[Black "Babazada, Khazar"]
[WhiteFideId "742910"]
[BlackFideId "13413554"]
[WhiteElo "2404"]
[BlackElo "2302"]
[Result "0-1"]
[Round "04"]
[TimeControl "180+1"]
[Date "2021.11.30"]
[WhiteClock "0:00:01"]
[BlackClock "0:00:51"]

1. d4 Nf6 2. Nf3 d5 3. Bf4 e6 4. e3 b6 5. Nbd2 Bb7 6. Ne5 Nbd7 7. Bb5 Bd6 8. Bg5 Bxe5 9. dxe5 h6 10. Bxd7+ Qxd7 11. exf6 hxg5 12. fxg7 Rg8 13. Qh5 Qe7 14. Nf3 Rxg7 15. Qh8+ Qf8 16. Qxf8+ Kxf8 17. h4 gxh4 18. Nxh4 Ke7 19. Ke2 c5 20. Rh2 Rd8 21. Nf3 d4 22. exd4 Bxf3+ 23. Kxf3 Rxd4 24. Ke2 Rg5 25. Re1 Rgd5 26. Kf1 Rd2 27. Re2 Rd1+ 28. Re1 R5d2 29. Rxd1 Rxd1+ 30. Ke2 Rb1 31. b3 Rb2 32. Kd3 Rxa2 33. g4 a5 34. g5 a4 35. bxa4 Rxa4 36. Ke3 Rg4 37. f4 Rg3+ 38. Ke4 b5 39. Rh7 b4 40. Rh8 Rg2 41. Rh7 Kf8 0-1


[Site "https://www.chess.com"]

[Event "Titled Tuesday Blitz November 30 2021"]
[White "Deac, Bogdan-Daniel"]
[Black "Donchenko, Alexander"]
[WhiteFideId "1226380"]
[BlackFideId "24603295"]
[WhiteElo "2605"]
[BlackElo "2490"]
[Result "1/2-1/2"]
[Round "04"]
[TimeControl "180+1"]
[Date "2021.11.30"]
[WhiteClock "0:00:10"]
[BlackClock "0:00:06"]

1. e4 c6 2. Nf3 d5 3. d3 dxe4 4. dxe4 Qxd1+ 5. Kxd1 Nf6 6. Nfd2 h5 7. h4 Ng4 8. Ke1 e5 9. Nc4 Nd7 10. f3 Ngf6 11. a4 Bc5 12. c3 O-O 13. b4 Be7 14. Nbd2 Re8 15. Nb3 Nh7 16. Be3 Nhf8 17. Rd1 Ng6 18. Nd6 Rd8 19. Nf5 Bf6 20. Bg5 Rf8 21. a5 Nf4 22. g3 Ne6 23. Ne7+ Bxe7 24. Bxe7 Re8 25. Bd6 Nef8 26. Kf2 Nf6 27. Nc5 N8d7 28. Nd3 Re6 29. Nc5 Re8 30. Be2 Nxc5 31. Bxc5 Be6 32. c4 b6 33. axb6 axb6 34. Bxb6 Ra2 35. Rc1 Nd7 36. Be3 Rb8 37. Ra1 Rxa1 38. Rxa1 Rxb4 39. Rc1 Rb2 40. Ke1 Nb6 41. c5 Na4 42. f4 exf4 43. gxf4 Bg4 44. Bd3 Rh2 45. f5 Rxh4 46. Bf1 Rh2 47. Ra1 Nc3 48. Bf4 Rc2 49. Ra8+ Kh7 50. Bd3 Rg2 51. e5 Be2 52. Bc2 Bf3 53. Bd3 Be4 54. Bxe4 Nxe4 55. e6 fxe6 56. fxe6 Nf6 57. e7 Rg4 58. Bd6 Re4+ 59. Kf2 h4 60. Kf3 Kg6 61. Rf8 Re6 62. Rh8 Kf7 63. Rxh4 Nd5 64. Rh8 Nxe7 65. Rd8 Nf5 66. Rd7+ Kf6 67. Bc7 g5 68. Bd8+ Kg6 69. Rc7 Kh5 70. Rh7+ Rh6 71. Rc7 g4+ 72. Kf4 Nd4 73. Ke5 Nf3+ 74. Kf4 Nd4 75. Rd7 Ne6+ 76. Kg3 Nxd8 77. Rxd8 Rg6 78. Rd6 Kh6 79. Rxg6+ Kxg6 80. Kxg4 Kf6 81. Kf4 Ke6 82. Ke4 Kf6 83. Kf4 Ke6 84. Ke4 Kf6 85. Kf4 1/2-1/2


[Site "https://www.chess.com"]

[Event "Titled Tuesday Blitz November 30 2021"]
[White "Durarbayli, Vasif"]
[Black "Bashirli, Nail"]
[WhiteFideId "13402935"]
[BlackFideId "13406809"]
[WhiteElo "2522"]
[BlackElo "2382"]
[Result "1-0"]
[Round "04"]
[TimeControl "180+1"]
[Date "2021.11.30"]
[WhiteClock "0:00:14"]
[BlackClock "0:00:04"]

1. e4 c5 2. b3 g6 3. Bb2 Nf6 4. Qf3 d6 5. Bb5+ Bd7 6. Bxf6 exf6 7. Bxd7+ Nxd7 8. Nc3 Bg7 9. Qg3 O-O 10. Qxd6 f5 11. exf5 Qg5 12. Nge2 Ne5 13. f4 Qxg2 14. O-O-O Rfd8 15. Qxc5 Rac8 16. Qg1 Qxg1 17. Rhxg1 Nf3 18. Rg3 Nh4 19. fxg6 hxg6 20. Re3 Bh6 21. Re7 Nf3 22. h3 Bf8 23. Rxb7 Ba3+ 24. Kb1 Nxd2+ 25. Ka1 a5 26. Rb5 Bb4 27. Kb2 Bxc3+ 28. Nxc3 Rxc3 29. Rxd2 Rxb3+ 30. axb3 Rxd2 31. Rxa5 Rd4 32. Ra4 Rd5 33. b4 Rd4 34. Kb3 Rxf4 35. b5 Rf3+ 36. c3 Rf1 37. Rb4 Rb1+ 38. Kc4 Re1 39. b6 Re8 40. b7 1-0


[Site "https://www.chess.com"]

[Event "Titled Tuesday Blitz November 30 2021"]
[White "Gasanov, Eldar"]
[Black "Demchenko, Anton"]
[WhiteFideId "14104466"]
[BlackFideId "4160258"]
[WhiteElo "2454"]
[BlackElo "2583"]
[Result "0-1"]
[Round "04"]
[TimeControl "180+1"]
[Date "2021.11.30"]
[WhiteClock "0:00:02"]
[BlackClock "0:00:06"]

1. d4 d5 2. Nf3 Nf6 3. c4 dxc4 4. e3 e6 5. Bxc4 Be7 6. O-O a6 7. b3 O-O 8. Bb2 Nbd7 9. Nbd2 b6 10. Qe2 Bb7 11. Rfd1 c5 12. Rac1 Qb8 13. a3 Rd8 14. dxc5 b5 15. Bxe6 Bxf3 16. Bxf7+ Kxf7 17. Nxf3 Nf8 18. Ne5+ Kg8 19. Rxd8 Qxd8 20. b4 Qd5 21. f3 Rd8 22. c6 Rc8 23. e4 Qb3 24. Qd2 Ne6 25. h3 Rd8 26. Qc2 Qxc2 27. Rxc2 Rc8 28. Kf2 Bd8 29. g3 Bb6+ 30. Ke2 Bd4 31. f4 Nxe4 32. Kd3 Bxb2 33. Kxe4 Bxa3 34. Kd5 Nf8 35. c7 Bxb4 36. Kc6 Ba5 37. Kb7 Rxc7+ 38. Rxc7 Bxc7 39. Kxc7 b4 40. Kb6 b3 41. Nc4 Ne6 42. Kxa6 Nc5+ 43. Kb5 Ne4 44. Kb4 Nxg3 45. Kxb3 Ne2 46. f5 Ng1 47. Kc3 Nxh3 48. Kd3 Kf7 49. Ke4 Kf6 0-1


[Site "https://www.chess.com"]

[Event "Titled Tuesday Blitz November 30 2021"]
[White "Gontcharov, Vladislav"]
[Black "Weetik, Vjacheslav"]
[WhiteFideId "4123492"]
[BlackFideId "4153472"]
[WhiteElo "2503"]
[BlackElo "2469"]
[Result "1/2-1/2"]
[Round "04"]
[TimeControl "180+1"]
[Date "2021.11.30"]
[WhiteClock "0:00:09"]
[BlackClock "0:00:03"]

1. e4 c6 2. d4 d5 3. Nc3 dxe4 4. Nxe4 Nf6 5. Nxf6+ exf6 6. c3 Bd6 7. Bd3 O-O 8. Qc2 Re8+ 9. Ne2 h5 10. O-O h4 11. h3 Nd7 12. Bd2 Nf8 13. Rae1 Qc7 14. c4 Be6 15. Qc1 Ng6 16. b3 Rad8 17. f4 f5 18. Rf3 Be7 19. Be3 Bf6 20. Bf2 Re7 21. Rd1 Rde8 22. Kf1 Qa5 23. Qd2 Qa3 24. Qc2 Bc8 25. Re1 a5 26. Nc1 Rxe1+ 27. Bxe1 Bxd4 28. Bd2 Bb6 29. Ne2 Qc5 30. Qc1 Nf8 31. a3 Nh7 32. b4 Qe7 33. c5 Bc7 34. Qe1 Be6 35. Qf2 axb4 36. axb4 Nf6 37. Nd4 Bd5 38. Re3 Ne4 39. Nxf5 Qf6 40. Bxe4 Rxe4 41. Rxe4 Bxe4 42. Nxh4 Qb2 43. Qe3 f5 44. Kf2 Bd8 45. Nf3 Bf6 46. Ke2 Qb1 47. g4 Qh1 48. gxf5 Bd5 49. Ng5 Qg2+ 50. Kd1 Qf1+ 51. Kc2 Qc4+ 52. Kd1 Qf1+ 53. Kc2 Qc4+ 54. Kd1 Qf1+ 1/2-1/2


[Site "https://www.chess.com"]